 Dungeon Crawl Stone Soup version 0.29-a0-422-gafbd6decc1 (webtiles) character file.

Game seed: 17038132514297893785

142 Sweetruy1997 the Skirmisher (level 5, -22/42 HPs)
             Began as a Demonspawn Chaos Knight on May 19, 2022.
             Was a Plaything of Xom.
             Annihilated by an ogre
             ... wielding a +0 giant spiked club
              (25 damage)
             ... on level 2 of the Dungeon.
             The game lasted 00:06:29 (2009 turns).

Sweetruy1997 the Skirmisher (DsCK)                  Turns: 2009, Time: 00:06:30

Health: -22/42     AC:  5    Str: 16    XL:     5   Next: 4%
Magic:  5/5        EV: 11    Int: 16    God:    Xom [.*....]
Gold:   99         SH: 10    Dex: 20    Spells: 2/5 levels left

rFire   x . .      SeeInvis +   l - +7 whip of Metsapao {spect, rElec Will+ Int+5}
rCold   . . .      Faith    .   p - +0 buckler
rNeg    . . .      Spirit   .   b - +2 leather armour
rPois   .          Reflect  .   j - +0 hat
rElec   +          Harm     .   (no cloak)
rCorr   .          Rampage  .   (no gloves)
Will    +....                   (no boots)
Stlth   +++.......              o - amulet "Sydoen" {rF- Regen+ Str+3 Dex+6 Stlth+}
HPRegen 0.94/turn               q - ring of see invisible
MPRegen 0.09/turn               (no ring)

@: no status effects
A: horns 1, large bone plates 2, dopey 1
a: Renounce Religion


You were on level 2 of the Dungeon.
You worshipped Xom.
You were a plaything of Xom.
You visited 1 branch of the dungeon, and saw 3 of its levels.

You collected 99 gold pieces.

Inventory:

Hand Weapons
 a - a +0 hand axe of chaos
 l - the +7 whip of Metsapao (weapon) {spect, rElec Will+ Int+5}
   (You found it on level 2 of the Dungeon)

   When its wielder attacks, the weapon's spirit leaps out and strikes again.
   The spirit shares a part of any damage it takes with its wielder.
   Int:       It affects your intelligence (+5).
   rElec:     It insulates you from electricity.
   Will:      It increases your willpower.
Armour
 b - a +2 leather armour (worn)
 j - a +0 hat (worn)
 p - a +0 buckler (worn)
Jewellery
 o - the amulet "Sydoen" (around neck) {rF- Regen+ Str+3 Dex+6 Stlth+}
   (You found it on level 2 of the Dungeon)

   [amulet of regeneration]

   Str:       It affects your strength (+3).
   Dex:       It affects your dexterity (+6).
   rF:        It makes you vulnerable to fire.
   Regen:     It increases your rate of health regeneration.
   Stlth:     It makes you more stealthy.
 q - a ring of see invisible (left hand)
Scrolls
 d - a scroll of enchant weapon {unknown}
 h - a scroll of enchant armour {unknown}
 k - a scroll of teleportation {unknown}
 n - 7 scrolls of noise {unknown}
Potions
 e - a potion of haste {unknown}
 f - a potion of curing {unknown}
 g - a potion of heal wounds {unknown}
 i - a potion of ambrosia {unknown}
 m - a potion of mutation
Miscellaneous
 c - a piece from Xom's chessboard (6/15) (quivered)


   Skills:
 - Level 4.0 Fighting
 - Level 3.2(3.3) Axes
 + Level 0.4(2.0) Maces & Flails
 - Level 2.0 Armour
 - Level 1.0 Dodging
 + Level 2.0 Stealth
 + Level 0.5 Spellcasting
 + Level 0.5 Necromancy
 + Level 0.1 Translocations
 + Level 1.1 Evocations


You had 2 spell levels left.
You knew the following spells:

 Your Spells              Type           Power      Damage    Failure   Level
a - Animate Skeleton      Necr           4%         N/A       32%         1
b - Apportation           Tloc           2%         N/A       36%         1
c - Summon Small Mammal   Summ           0%         N/A       38%         1

Your spell library contained the following spells:

 Spells                   Type           Power      Damage    Failure   Level
 Alistair's Intoxication  Tmut/Pois      0%         N/A       100%        5


Dungeon Overview and Level Annotations

Branches:
Dungeon (3/15)

Altars:


Innate Abilities, Weirdness & Mutations

You have a pair of small horns on your head.
You are mostly covered in large bone plates. (SH +6)
You are dopey. (Int -2)


Message History

You whack the goblin!
You kill the goblin!
Your Stealth skill increases to level 2!
No target in view!
Things that are here:
a +0 club; a goblin corpse
q - a ring of see invisible
q - a ring of see invisible (left hand)
There is a stone staircase leading up here.
You climb upwards.
There is a stone staircase leading down here.
Found a stone staircase leading up.
There is a stone staircase leading up here.
Things that are here:
a +0 trident; a +0 ring mail; a +0 flail
Found a dagger.
Found a club.
You see here a +0 club.
An ogre comes into view. It is wielding a +0 giant spiked club.
Found a pink potion and 2 poisoned darts.
The ogre hits you with a +0 giant spiked club!!
Ouch! That really hurt!
* * * LOW HITPOINT WARNING * * *
The ogre attacks as you move away! The ogre closely misses you.
It was a potion of mutation.
You feel extremely strange.
You feel stupid.
Xom is highly amused!
You hit the ogre.
The ogre is lightly wounded.
The ogre hits you with a +0 giant spiked club.
You whack the ogre!
The ogre is heavily wounded.
The ogre hits you with a +0 giant spiked club!
* * * LOW HITPOINT WARNING * * *
The ogre closely misses you. The ogre attacks as you move away!
The ogre hits you with a +0 giant spiked club!!
Ouch! That really hurt!
You die...
Xom thinks this is hilarious!

#..# ........ #.## ..#
#....... #.# #.# #.#....
#.# #.# #.... #.# #.#
#.... ##.## #.# # #....
#...## #.###.#####....
#.#.#.####!.(...........
#.##....@O........###.##.
## ###.########.#####.##.
#.## #.####...#. #.#
#......#... ##
######...## ##.### #....
#####


You could see an ogre.

Vanquished Creatures
  An iguana (D:2)
  Terence (D:2)
  Natasha (D:2)
  An adder (D:3)
  2 dart slugs (D:1)
  5 orcs
  8 endoplasms
  2 giant cockroaches (D:2)
  2 hobgoblins
  3 quokkas
  5 ball pythons
  7 bats
  2 frilled lizards (D:2)
  4 goblins
  2 kobolds
  3 rats
49 creatures vanquished.

Vanquished Creatures (others)
  7 plants (D:3)
7 creatures vanquished.

Grand Total: 56 creatures vanquished

Notes
Turn   | Place    | Note
-------+----------+-------------------------------------------
     0 | D:1      | Sweetruy1997 the Demonspawn Chaos Knight began the quest
                  | for the Orb.
     0 | D:1      | Reached XP level 1. HP: 18/18 MP: 1/1
   126 | D:1      | XOM: smoke on damage
   146 | D:1      | XOM: silly message
   237 | D:1      | Reached skill level 1 in Dodging
   275 | D:1      | XOM: silly message
   365 | D:1      | Gained mutation: You have a pair of small horns on your
                  | head. [demonic ancestry]
   365 | D:1      | Reached XP level 2. HP: 24/24 MP: 2/2
   366 | D:1      | XOM: divination: detect items
   367 | D:1      | XOM: silly message
   466 | D:1      | XOM: divination: detect creatures
   664 | D:1      | XOM: cloud trail
   899 | D:1      | Found a faded altar of an unknown god.
   899 | D:1      | XOM: divination: magic mapping
   916 | D:1      | Found a faded altar of an unknown god.
  1033 | D:2      | Gained mutation: You are partially covered in large bone
                  | plates. (SH +4) [demonic ancestry]
  1033 | D:2      | Reached XP level 3. HP: 26/29 MP: 3/3
  1035 | D:2      | Learned a level 1 spell: Animate Skeleton
  1037 | D:2      | Learned a level 1 spell: Apportation
  1097 | D:2      | Identified the +7 whip of Metsapao {spect, rElec Will+
                  | Int+5}
  1141 | D:2      | Noticed Natasha
  1146 | D:2      | Killed Natasha
  1157 | D:2      | Reached skill level 4 in Fighting
  1157 | D:2      | Reached skill level 1 in Stealth
  1157 | D:2      | Reached XP level 4. HP: 37/37 MP: 2/4
  1381 | D:2      | Learned a level 1 spell: Summon Small Mammal
  1393 | D:2      | Identified the amulet "Sydoen" {rF- Regen+ Str+3 Dex+6
                  | Stlth+}
  1395 | D:2      | Noticed Terence
  1406 | D:2      | Killed Terence
  1407 | D:2      | Reached skill level 1 in Evocations
  1682 | D:2      | You fall into a shaft and drop 1 floor!
  1711 | D:3      | Gained mutation: You are mostly covered in large bone
                  | plates. (SH +6) [demonic ancestry]
  1711 | D:3      | Reached XP level 5. HP: 36/42 MP: 1/5
  1777 | D:3      | XOM: noise
  1995 | D:2      | Noticed an ogre
  2003 | D:2      | Gained mutation: You are dopey. (Int -2) [potion of
                  | mutation]
  2006 | D:2      | HP: 2/42 [ogre/+0 giant spiked club (13)]
  2009 | D:2      | Annihilated by an ogre

Illustrated notes

Levels and vault maps discovered:
D:1:      heliophobic_arrival_dark_side_of_the_moon, layout_loops_ring,
          hellmonk_ecumenical_altar_the_god_not_taken, feat_on_display
D:2:      layout_loops_ring, roderic_roman_lattice, uniq_natasha, uniq_terence
D:3:      layout_loops_corners, serial_bayou, serial_bayou_pond_e,
          serial_bayou_pond_d, serial_bayou_lake_a, serial_bayou_shore_a,
          lightli_corner_chamber

Skill      XL: |  1  2  3  4  5 |
---------------+----------------+-----
Dodging        | 1 |  1.0
Armour         | 2 |  2.0
Axes           | 3 |  3.2
Fighting       | 4 |  4.0
Stealth        | 1 2 |  2.0
Evocations     | 1 |  1.1
Maces & Flails | |  0.4
Spellcasting   | |  0.5
Necromancy     | |  0.5
Translocations | |  0.1

Action                   |  1- 3 |  4- 6 || total
-------------------------+-------+-------++-------
Melee: Hand axe          |    63 |       ||    63
       Headbutt          |     5 |     4 ||     9
       Punch             |     2 |       ||     2
       Whip              |     7 |    32 ||    39
 Cast: Animate Skeleton  |     2 |     1 ||     3
       Summon Small Mamm |       |     2 ||     2
       Apportation       |       |     1 ||     1
Evoke: Piece from Xom's  |     6 |     9 ||    15
  Use: Potion            |       |     1 ||     1
 Stab: Sleeping          |     2 |       ||     2
       Petrifying        |       |     1 ||     1
       Paralysed         |       |     1 ||     1
Armor: Leather armour    |    28 |    10 ||    38
Dodge: Dodged            |    30 |    10 ||    40
Block: Other             |     2 |     1 ||     3
       Buckler           |       |     5 ||     5

Table legend: (Time is in decaauts)
 A = Elapsed time spent in this place.
 B = Non-inter-level travel time spent in this place.
 C = Inter-level travel time spent in this place.
 D = Time resting spent in this place.
 E = Time spent auto-exploring this place.
 F = Levels seen in this place.
 G = Mean time per level.
                   A        B        C        D        E       F      G
               +--------+--------+--------+--------+--------+-----+--------+
         Total |   2018 |   1942 |     76 |     69 |   1521 |   3 |  672.7 |
       Dungeon |   2018 |   1942 |     76 |     69 |   1521 |   3 |  672.7 |
               +--------+--------+--------+--------+--------+-----+--------+

Top non-repeatable levels by time:
     D:1: 1009 daAuts
     D:2: 898 daAuts
     D:3: 110 daAuts
